 Dungeon Crawl Stone Soup version 0.19-a0-1908-g43c011f (webtiles) character file.

392 Jorund the Chopper (level 6, -1/44 HPs)
             Began as a Demonspawn Gladiator on Oct 22, 2016.
             Slain by TugoseryaHuesosov's ghost (2 damage)
             ... on level 4 of the Dungeon.
             The game lasted 00:06:52 (3140 turns).

Jorund the Chopper (Demonspawn Gladiator)           Turns: 3140, Time: 00:06:53

Health: -1/44      AC:  7    Str: 21    XL:     6   Next: 50%
Magic:  6/6        EV: 11    Int: 11    God:
Gold:   184        SH:  0    Dex: 13    Spells: 0 memorised, 5 levels left

rFire  . . .     SeeInvis +     a - +1 war axe
rCold  . . .     Gourm    .     g - +0 scale mail
rNeg   . . .     Faith    .     (no shield)
rPois  .         Spirit   .     (helmet restricted)
rElec  .         Reflect  .     e - +0 cloak
rCorr  .         Harm     .     (no gloves)
MR     +....                    (no boots)
Stlth  ++........               (no amulet)
                                (no ring)
                                (no ring)

@: mighty
A: horns 1, see invisible, magic resistance 1, nightstalker 2, powered by pain
1, subdued magic 1
a: no special abilities


You were on level 4 of the Dungeon.
You were hungry.

You visited 1 branch of the dungeon, and saw 4 of its levels.

You collected 184 gold pieces.

Inventory:

Hand Weapons
 a - a +1 war axe (weapon)
 q - a +0 broad axe
 r - a +0 blowgun
Missiles
 d - 4 throwing nets (quivered)
 s - 11 poisoned needles
Armour
 c - a +0 helmet
 e - a +0 cloak (worn)
 g - a +0 scale mail (worn)
Jewellery
 m - an uncursed ring of ice
Wands
 k - a wand of iceblast (6/15)
Scrolls
 b - a scroll of remove curse
 o - a scroll of identify
Potions
 h - 2 potions of mutation
 j - a potion of flight
Comestibles
 f - 4 bread rations
 i - a meat ration
 l - 2 fruits
 n - a slice of pizza


   Skills:
 - Level 2.0 Fighting
 + Level 6.1 Axes
 - Level 1.7 Throwing
 + Level 2.5 Armour
 - Level 2.6 Dodging


You had 5 spell levels left.
You didn't know any spells.

Dungeon Overview and Level Annotations

Branches:
Dungeon (4/15)
 Temple: D:4-7

Altars:
Cheibriados
Ru
Trog
Xom

Shops:
D:4 (

Annotations:
D:4 TugoseryaHuesosov's ghost, amateur MfGl


Innate Abilities, Weirdness & Mutations

You have a pair of small horns on your head.
You are significantly more attuned to the shadows.
You sometimes gain a little power by taking damage.
You have supernaturally acute eyesight. (SInv)
You are resistant to hostile enchantments. (MR+)
Your spells are a little easier to cast, but a little less powerful.


Message History

You miss TugoseryaHuesosov's ghost.
Your headbutt misses TugoseryaHuesosov's ghost.
TugoseryaHuesosov's ghost is severely damaged.
TugoseryaHuesosov's ghost hits you but does no damage.
TugoseryaHuesosov's ghost hits you.
* * * LOW HITPOINT WARNING * * *
You are too injured to fight recklessly!
You miss TugoseryaHuesosov's ghost.
Your headbutt misses TugoseryaHuesosov's ghost.
TugoseryaHuesosov's ghost is severely damaged.
TugoseryaHuesosov's ghost hits you but does no damage.
You slash TugoseryaHuesosov's ghost!
Your headbutt misses TugoseryaHuesosov's ghost.
TugoseryaHuesosov's ghost is severely damaged.
TugoseryaHuesosov's ghost hits you!
* * * LOW HITPOINT WARNING * * *
You miss TugoseryaHuesosov's ghost.
TugoseryaHuesosov's ghost is severely damaged.
TugoseryaHuesosov's ghost hits you.
You die...

#........ #........
#........ #
######.......#
#.#...........##
..#.#W########.##
...........[....##
#########.#########..#
.....@W...# #......
#################
####....#.
#...............#
#.........
#.......#######.#
#.#####.##
..####.......#
##.###.# ....
#........#.###
#......# .#.
#.###......#
#......(...
#.###......#
#.....#####
#.#.........# ####....
... .


You could see TugoseryaHuesosov's ghost.

Vanquished Creatures
  A phantom (D:4)
  A scorpion (D:4)
  2 orc wizards (D:3)
  An orc priest (D:2)
  Ijyb (D:3)
  3 adders
  An ooze (D:3)
  An adder skeleton (D:4)
  2 worms
  A dart slug (D:2)
  4 leopard geckos
  10 orcs
  9 bats
  2 giant cockroaches
  6 goblins
  10 hobgoblins
  9 jackals
  9 kobolds
  2 quokkas (D:3)
  4 frilled lizards
  11 rats
90 creatures vanquished.

Notes
Turn   | Place    | Note
-------+----------+-------------------------------------------
     0 | D:1      | Jorund the Demonspawn Gladiator began the quest for the Orb.
     0 | D:1      | Reached XP level 1. HP: 16/16 MP: 1/1
    30 | D:1      | Reached skill level 3 in Axes
   362 | D:1      | Gained mutation: You sometimes gain a little power by taking damage. [demonic ancestry]
   362 | D:1      | Reached XP level 2. HP: 22/22 MP: 2/2
   863 | D:1      | Gained mutation: You have a pair of small horns on your head. [demonic ancestry]
   863 | D:1      | Reached XP level 3. HP: 25/27 MP: 3/3
   999 | D:2      | Reached skill level 4 in Axes
  1150 | D:2      | Found a shimmering altar of Xom.
  1190 | D:2      | Gained mutation: Your spells are a little easier to cast, but a little less powerful. [potion of mutation]
  1190 | D:2      | Gained mutation: You are resistant to hostile enchantments. (MR+) [potion of mutation]
  1190 | D:2      | Gained mutation: You have supernaturally acute eyesight. (SInv) [potion of mutation]
  1200 | D:2      | Found a sacrificial altar of Ru.
  1238 | D:2      | Reached skill level 1 in Armour
  1347 | D:2      | Gained mutation: You are slightly more attuned to the shadows. [demonic ancestry]
  1347 | D:2      | Reached XP level 4. HP: 28/33 MP: 4/4
  1424 | D:3      | Found a snail-covered altar of Cheibriados.
  1425 | D:3      | Found a bloodstained altar of Trog.
  1520 | D:3      | Reached XP level 5. HP: 20/38 MP: 5/5
  1621 | D:3      | Reached skill level 5 in Axes
  2038 | D:3      | Noticed Ijyb
  2056 | D:3      | Killed Ijyb
  2667 | D:4      | Gained mutation: You are significantly more attuned to the shadows. [demonic ancestry]
  2667 | D:4      | Reached XP level 6. HP: 25/44 MP: 6/6
  2892 | D:4      | Found Mozxoica's Weapon Emporium.
  3034 | D:4      | Reached skill level 6 in Axes
  3119 | D:4      | Noticed TugoseryaHuesosov's ghost (amateur MfGl)
  3139 | D:4      | HP: 1/44 [TugoseryaHuesosov's ghost (11)]
  3140 | D:4      | Slain by TugoseryaHuesosov's ghost

Vault maps used:
D:1:      eino_arrival_water_star, minmay_pentomino_q2
D:2:      xom_teletrap_fun, nicolae_ru_sacrificial_ziggurat
D:3:      chequers_temple_overflow_statue_of_worship, minmay_vboxes, uniq_iyjb
D:4:      serial_shops, shop, minivault_1, grunt_ministairs_14,
          nemelex_diamond_rough_becter

Skill      XL: |  1  2  3  4  5  6 |
---------------+-------------------+-----
Axes           | 3 4 5 6 |  6.1
Armour         | 1 2 |  2.5
Fighting       | |  2.0
Throwing       | |  1.7
Dodging        | |  2.6

Action                   |  1- 3 |  4- 6 || total
-------------------------+-------+-------++-------
Melee: War axe           |   121 |   162 ||   283
       Headbutt          |     9 |    22 ||    31
Throw: Throwing net      |       |     2 ||     2
Evoke: Wand              |       |     1 ||     1
  Use: Scroll            |     3 |    10 ||    13
       Potion            |     1 |     2 ||     3
  Eat: Chunk             |     2 |     5 ||     7
Armor: Leather armour    |    10 |       ||    10
       Scale mail        |    53 |    69 ||   122
Dodge: Dodged            |    98 |    84 ||   182
